[Event "ICCopen2017"]
[Site "Internet Chess Club"]
[Date "2017.04.02"]
[Round "9"]
[White "sacov"]
[Black "vishweshk"]
[Result "1-0"]
[ICCResult "Black forfeits on time"]
[WhiteElo "2186"]
[BlackElo "1852"]
[Opening "Queen's pawn game"]
[ECO "E10"]
[NIC "QI.01"]
[Time "20:45:58"]
[TimeControl "180+0"]

1. d4 e6 2. Nf3 Nf6 3. c4 Be7 4. Nc3 O-O 5. Bg5 b6 6. Bxf6 Bxf6 7. e3 Bb7 8.
Bd3 d6 9. h4 g6 10. h5 e5 11. hxg6 fxg6 12. d5 Nd7 13. Nd2 Nc5 14. Bc2 Bg7
15. Rxh7 Kxh7 16. Qh5+ Kg8 17. Qxg6 Rf6 18. Qh7+ Kf8 19. b4 Rh6 20. Qf5+ Qf6
21. Qxf6+ Bxf6 22. bxc5 Rh1+ 23. Nf1 e4 24. Kd2 Ba6 25. Rb1 Bxc4 26. Ng3
Rxb1 27. Bxb1 bxc5 28. Ngxe4 Bxc3+ 29. Kxc3 Bxd5 30. a4 Rb8 31. Bc2 Rb4 32.
Ng5 Bxg2 33. Ne6+ Kg8 34. Nxc7 Be4 35. Bb3+ Kh8 36. Nb5 d5 37. Nxa7 Rb7 38.
Nb5 c4 39. Bd1 Rf7 40. f4 Rg7 41. Nd6 Rg2 42. Bh5 Rc2+ 43. Kd4 c3 44. Nxe4
dxe4 45. Kxe4 Rd2 46. Kf5 c2 47. e4 c1=Q 48. e5 Qc5 49. Kf6 Rf2 50. f5 Qe3
51. e6 Qf4 52. Bg6 Qh4+ 53. Kf7 Qd8 54. e7 Qd7 55. Kf8 {Black forfeits on
time} 1-0

[Event "ICCopen2017"]
[Site "Internet Chess Club"]
[Date "2017.04.02"]
[Round "9"]
[White "nikenwidiartto"]
[Black "Bojack"]
[Result "1-0"]
[ICCResult "Black resigns"]
[WhiteElo "1904"]
[BlackElo "2159"]
[Opening "French: Two knights variation"]
[ECO "C00"]
[NIC "FR.01"]
[Time "20:46:11"]
[TimeControl "180+0"]

1. e4 e6 2. Nc3 d5 3. Nf3 Nf6 4. e5 Nfd7 5. d4 c5 6. dxc5 Nc6 7. Bf4 Bxc5 8.
Bd3 f6 9. exf6 Nxf6 10. O-O O-O 11. Qe2 Bd7 12. Rae1 Nd4 13. Nxd4 Bxd4 14.
Be5 Bxe5 15. Qxe5 Qb6 16. b3 Rae8 17. Nb1 Re7 18. a4 Be8 19. Qg5 Qd6 20. Nd2
e5 21. Bf5 e4 22. f3 h6 23. Qh4 e3 24. Nb1 d4 25. Bd3 Nd5 26. Qxd4 Rf4 27.
Qxa7 b6 28. Qa8 Rf8 29. Bc4 Bc6 30. Qa6 Kh8 31. Bxd5 Bxd5 32. Nc3 Bb7 33.
Qb5 Qf6 34. Ne4 Bxe4 35. fxe4 Qf2+ 36. Rxf2 exf2+ 37. Kf1 fxe1=Q+ 38. Kxe1
Rxe4+ 39. Kd2 Re6 40. Qb4 Rff6 41. a5 Rd6+ 42. Kc1 bxa5 43. Qxa5 Rf2 44. Kb2
Rxg2 45. Qa8+ Kh7 46. Qxg2 {Black resigns} 1-0

[Event "ICCopen2017"]
[Site "Internet Chess Club"]
[Date "2017.04.02"]
[Round "9"]
[White "RdgMx"]
[Black "Ecalevol123"]
[Result "1/2-1/2"]
[ICCResult "Game drawn because neither player has mating material"]
[WhiteElo "1850"]
[BlackElo "1716"]
[Opening "Queen's pawn game"]
[ECO "A46"]
[NIC "QP.06"]
[Time "20:46:04"]
[TimeControl "180+0"]

1. d4 Nf6 2. Nf3 c5 3. e3 d5 4. c3 Nc6 5. Be2 Bg4 6. O-O e6 7. Ne5 Bxe2 8.
Qxe2 Nxe5 9. dxe5 Nd7 10. f4 g6 11. Nd2 Bg7 12. c4 Nb6 13. cxd5 Nxd5 14. Ne4
O-O 15. Nd6 Nb6 16. Nxb7 Qc7 17. Nd6 Rfd8 18. Bd2 a5 19. Bc3 a4 20. a3 Nd5
21. Rad1 Nxc3 22. bxc3 h5 23. Rb1 Rab8 24. Qc2 Qc6 25. Rfd1 Bf8 26. Ne4 Rxb1
27. Rxb1 Be7 28. Nf2 c4 29. Rd1 Rxd1+ 30. Qxd1 Bc5 31. Qd2 Qb6 32. Nd1 Bxa3
33. Kf2 Bc5 34. Nb2 a3 35. Nxc4 Qb5 36. Nxa3 Bxa3 37. h3 Bc5 38. Kf3 Qc4 39.
Qd8+ Bf8 40. Qd4 Qc6+ 41. Kf2 Bc5 42. Qd8+ Bf8 43. Qd3 h4 44. c4 Be7 45. Qe2
Qe4 46. Kg1 Kg7 47. Kf2 Kh6 48. Qf1 Qc2+ 49. Qe2 Qxe2+ 50. Kxe2 Bc5 51. Kf3
g5 52. Kg4 Kg6 53. fxg5 Bxe3 54. Kxh4 Bxg5+ 55. Kg4 Be3 56. g3 f6 57. exf6
Kxf6 58. Kf3 Bc5 59. Ke4 e5 60. h4 Bd4 61. g4 Kg6 62. h5+ Kg5 63. c5 Bxc5
64. Kxe5 Bf8 65. Ke6 Bh6 66. Kf7 Kxg4 67. Kg6 Be3 68. h6 Bxh6
{Game drawn because neither player has mating material}
1/2-1/2

[Event "ICCopen2017"]
[Site "Internet Chess Club"]
[Date "2017.04.02"]
[Round "9"]
[White "Eigeneier"]
[Black "blackending"]
[Result "1-0"]
[ICCResult "Black forfeits on time"]
[WhiteElo "1730"]
[BlackElo "1493"]
[Opening "King's Indian: fianchetto without c4"]
[ECO "E67"]
[NIC "KI.61"]
[Time "20:45:52"]
[TimeControl "180+0"]

1. d4 Nf6 2. Nf3 g6 3. g3 Bg7 4. Bg2 O-O 5. O-O d6 6. c4 Nbd7 7. Nc3 Re8 8.
h3 e5 9. e4 c6 10. Re1 a5 11. Rb1 exd4 12. Nxd4 Nc5 13. Bf4 Nh5 14. Be3 Be6
15. b3 Nf6 16. Nxe6 Nxe6 17. Qc2 Qc7 18. Rbd1 Rad8 19. Kh2 Nc5 20. Re2 Na6
21. Red2 Nb4 22. Qb1 d5 23. cxd5 cxd5 24. Nxd5 Nbxd5 25. exd5 b5 26. d6 Qb8
27. d7 Re7 28. Bg5 h6 29. Bf4 Qa7 30. Be3 Qb8 31. Bc6 Qc7 32. Bxb5 Nxd7 33.
Bxd7 Rdxd7 34. Rxd7 Rxd7 35. Rxd7 Qxd7 36. Qe4 Qd1 37. Qa8+ Kh7 38. Qxa5 Qc2
39. b4 h5 40. b5 Qc4 41. b6 Bd4 42. b7 Bxe3 43. b8=Q Bxf2 44. Qd2
{Black forfeits on time}
1-0

[Event "ICCopen2017"]
[Site "Internet Chess Club"]
[Date "2017.04.02"]
[Round "9"]
[White "blackhole1"]
[Black "Seraphim"]
[Result "0-1"]
[ICCResult "White checkmated"]
[WhiteElo "1555"]
[BlackElo "1821"]
[Opening "QGA: 4...e6"]
[ECO "D26"]
[NIC "QP.07"]
[Time "20:45:51"]
[TimeControl "180+0"]

1. d4 Nf6 2. c4 e6 3. e3 d5 4. Nf3 dxc4 5. Bxc4 a6 6. a3 c5 7. Nc3 Nc6 8. d5
exd5 9. Nxd5 Nxd5 10. Qxd5 Qxd5 11. Bxd5 Bd7 12. O-O f6 13. b3 O-O-O 14. Bc4
Na5 15. Be2 Nxb3 16. Rb1 Nxc1 17. Rfxc1 Bc6 18. h3 Be7 19. Nh4 g6 20. Bg4+
f5 21. Be2 Bxh4 22. Rxc5 Rd2 23. Bxa6 Bxf2+ 24. Kh2 Kd7 25. Bxb7 Bxb7 26.
Rxb7+ Kd6 27. Rcc7 Bxe3 28. Rd7+ Ke5 29. Re7+ Kf4 30. Rb4+ Rd4 31. g3+ Kf3
32. Rb3 Re4 33. Rc7 Rd8 34. Rc2 Rd2+ 35. Rxd2 h5 36. Rdd3 h4 37. gxh4 f4 38.
Rb4 Re5 39. a4 Rc5 40. Rd1 Rc2+ 41. Kh1 Kg3 42. Rg1+ Kxh3 43. Rb2 Rxb2 44.
Rg2 Rb1+ 45. Rg1 Rxg1# {White checkmated} 0-1

[Event "ICCopen2017"]
[Site "Internet Chess Club"]
[Date "2017.04.02"]
[Round "9"]
[White "jeffers9"]
[Black "gabitenz"]
[Result "0-1"]
[ICCResult "White forfeits on time"]
[WhiteElo "1369"]
[BlackElo "919"]
[Opening "QGA: 3.Nf3"]
[ECO "D21"]
[NIC "QG.05"]
[Time "20:46:00"]
[TimeControl "180+0"]

1. d4 d5 2. c4 dxc4 3. Nf3 e6 4. e4 Nf6 5. e5 Nd5 6. Bxc4 Nc6 7. O-O Bd7 8.
a3 Qe7 9. Nc3 f6 10. exf6 Nxf6 11. Re1 O-O-O 12. Bg5 h6 13. Bh4 g5 14. Bg3
Qg7 15. Nb5 Kb8 16. Bxc7+ Ka8 17. Bxd8 Bc5 18. dxc5 Rxd8 19. Nd6 Nd5 20.
Bxd5 exd5 21. Qb3 Rb8 22. Re2 Nd4 23. Nxd4 Qxd4 24. Rae1 Bc6 25. h3 Qxc5 26.
Re6 d4 27. R1e5 Qc1+ 28. Kh2 Qf4+ 29. Qg3 Qf8 30. f3 h5 31. Qf2 g4 32. Qxd4
gxf3 33. Qf2 fxg2 34. Qxf8 Rxf8 35. Re1 Rg8 36. Kg1 a6 37. b4 Rg3 38. Rf6
Rxh3 39. Rf8+ Ka7 40. Nf5 Rh1+ 41. Kf2 Rxe1 42. Kxe1 g1=Q+ 43. Kd2 Qg5+ 44.
Ne3 Qg7 45. Rf2 Qd7+ 46. Ke2 Bb5+ 47. Ke1 Qd3 48. Nf5 Qxa3 49. Rd2 Qxb4 50.
Kd1 Qg4+ 51. Kc2 Qxf5+ 52. Kc3 h4 53. Rh2 Qh7 54. Kd4 h3 55. Ke3 a5 56. Kd2
a4 57. Kc3 a3 58. Kb3 Qd3+ 59. Ka2 Qg3 60. Rd2 h2 61. Rd1 Be2 62. Rc1 Qg1
63. Kb1 Qxc1+ 64. Kxc1 h1=Q+ 65. Kd2 Ba6 66. Ke3 a2 67. Kd4 a1=Q+ 68. Kc5
Qhc1+ 69. Kd5 Qa2+ 70. Kd6 Qad2+ 71. Ke7 Qce1+ 72. Kf6 Qdf2+ 73. Kg5 Qeg1+
{White forfeits on time}
0-1

[Event "ICCopen2017"]
[Site "Internet Chess Club"]
[Date "2017.04.02"]
[Round "9"]
[White "PaulieChessnut"]
[Black "cap78red"]
[Result "1/2-1/2"]
[ICCResult "Black stalemated"]
[WhiteElo "1362"]
[BlackElo "1276"]
[Opening "King's Indian defense"]
[ECO "E60"]
[NIC "KI.80"]
[Time "20:45:32"]
[TimeControl "180+0"]

1. d4 Nf6 2. c4 g6 3. Nd2 Bg7 4. Ngf3 d5 5. e3 Ne4 6. Bd3 c6 7. Qc2 Bf5 8.
O-O Nxd2 9. Bxd2 Bxd3 10. Qxd3 dxc4 11. Qxc4 O-O 12. Rad1 Nd7 13. Qc2 Nb6
14. Bc3 Nd5 15. Bd2 Rc8 16. e4 Nf6 17. Rfe1 Nd7 18. Qb3 Nb6 19. a4 Rc7 20.
Ba5 Rd7 21. d5 cxd5 22. e5 e6 23. Nd4 Qh4 24. Bxb6 axb6 25. Qb5 Rc7 26. Qxb6
Rc4 27. g3 Qh5 28. b3 Rcc8 29. f4 f6 30. Qxe6+ Kh8 31. exf6 Rxf6 32. Qxc8+
Rf8 33. Qxb7 Bxd4+ 34. Rxd4 g5 35. Qxd5 Qf7 36. Qe5+ Qg7 37. Qxg7+ Kxg7 38.
Re7+ Kg8 39. Rdd7 Rc8 40. fxg5 Rc1+ 41. Kg2 Rc2+ 42. Kh3 Rc8 43. Rb7 h5 44.
gxh6 Kf8 45. h7 Rc7 46. Rbxc7 {Black stalemated} 1/2-1/2

[Event "ICCopen2017"]
[Site "Internet Chess Club"]
[Date "2017.04.02"]
[Round "9"]
[White "EddieBarber"]
[Black "rencoroso"]
[Result "1-0"]
[ICCResult "Black forfeits on time"]
[WhiteElo "1771"]
[BlackElo "1935"]
[Opening "Sicilian: dragon, Yugoslav attack, Rauser variation"]
[ECO "B76"]
[NIC "SI.17"]
[Time "20:46:22"]
[TimeControl "180+0"]

1. e4 c5 2. Nf3 d6 3. d4 cxd4 4. Nxd4 Nf6 5. Nc3 g6 6. Be3 Bg7 7. f3 O-O 8.
Qd2 Nc6 9. O-O-O d5 10. Qe1 e5 11. Nxc6 bxc6 12. exd5 cxd5 13. Bg5 Be6 14.
Bc4 Qd6 15. Bxf6 Bxf6 16. Bxd5 Bxd5 17. Rxd5 Qa6 18. Kb1 Rab8 19. b3 Rfc8
20. Ne4 Bg7 21. g4 Qc6 22. Qd2 a5 23. g5 a4 24. Rd1 axb3 25. cxb3 Qb6 26.
Rc1 Bf8 27. Nf6+ Kg7 28. Qb2 Qe6 29. Rxe5 Rxc1+ 30. Kxc1 Qc6+ 31. Kb1 Qxf3
32. Re1 Qf5+ 33. Ka1 Rd8 34. Ne8+ Kg8 35. Nf6+ {Black forfeits on time} 1-0

[Event "ICCopen2017"]
[Site "Internet Chess Club"]
[Date "2017.04.02"]
[Round "9"]
[White "xvs"]
[Black "kwameh72"]
[Result "1/2-1/2"]
[ICCResult "Black ran out of time and White has no material to mate"]
[WhiteElo "1834"]
[BlackElo "1542"]
[Opening "Queen's pawn game, Chigorin variation"]
[ECO "D02"]
[NIC "QP.08"]
[Time "20:45:56"]
[TimeControl "180+0"]

1. d4 d5 2. Nf3 Nc6 3. c4 e5 4. cxd5 Qxd5 5. Nc3 Bb4 6. a3 Bxc3+ 7. bxc3 Bg4
8. e3 exd4 9. cxd4 Nf6 10. Be2 O-O 11. O-O Rfd8 12. Bb2 Qe4 13. Rc1 Rac8 14.
Re1 Qg6 15. Nh4 Qg5 16. Bxg4 Nxg4 17. Nf3 Qg6 18. Qc2 Qh6 19. h3 Nf6 20. e4
Qf4 21. d5 Ne7 22. Be5 Qh6 23. Bxc7 Rd7 24. d6 Nc6 25. e5 Nd5 26. Qf5 Qe6
27. Qxe6 fxe6 28. Ng5 Re8 29. f4 h6 30. Ne4 Nxf4 31. Nc5 Rf7 32. d7 Ra8 33.
Nxb7 Nd3 34. Rxc6 Nxe1 35. Nd6 Rxd7 36. Kf2 Nd3+ 37. Kg3 Nxe5 38. Ra6 Rxc7
39. Ne4 Rc6 40. Ra5 Nd3 41. Kf3 Ne1+ 42. Ke2 Nxg2 43. Kf3 Ne1+ 44. Ke3 Nc2+
45. Kd3 Na1 46. Nc5 Rd8+ 47. Kc3 Rd5 48. Kb4 Rb6+ 49. Kc4 Nb3 50. Nxb3 Rxa5
51. Nxa5 Ra6 52. Nb3 Rxa3 53. Nc5 Rxh3 54. Nxe6 Kh7 55. Nd4 Rh4 56. Kd5
Rxd4+ 57. Kxd4 Kg6 58. Ke3 Kg5 59. Kf2 Kg4 60. Kg1 a5 61. Kh1 a4 62. Kg2 a3
63. Kf2 a2 64. Ke3 a1=Q 65. Ke4 Qa4+ 66. Kd5 h5 67. Ke6 Qe4+ 68. Kf7 h4 69.
Kg8 h3 70. Kxg7 h2 71. Kg8 h1=Q 72. Kg7 Qg6+ 73. Kxg6 Qf1 74. Kg7 Qe1 75.
Kg6 Qe3 76. Kg7 Qf4 77. Kg6
{Black ran out of time and White has no material to mate}
1/2-1/2

[Event "ICCopen2017"]
[Site "Internet Chess Club"]
[Date "2017.04.02"]
[Round "9"]
[White "DaGame"]
[Black "Molton"]
[Result "1-0"]
[ICCResult "Black forfeits on time"]
[WhiteElo "2756"]
[BlackElo "2999"]
[Opening "Queen's Indian: old main line, 7.Nc3"]
[ECO "E18"]
[NIC "QI.10"]
[Time "20:46:04"]
[TimeControl "180+0"]

1. Nf3 Nf6 2. g3 b6 3. Bg2 Bb7 4. c4 e6 5. O-O Be7 6. d4 O-O 7. Nc3 Ne4 8.
Bd2 Nxd2 9. Qxd2 d6 10. e4 Nd7 11. a3 e5 12. d5 Nc5 13. Qc2 a5 14. b4 Nd7
15. Rac1 g6 16. Ne1 Bg5 17. Rb1 Bh6 18. Nd3 Ba6 19. Nb5 f5 20. Qe2 Kh8 21.
Rbe1 axb4 22. axb4 Nf6 23. f4 exf4 24. Nxf4 Bxf4 25. Rxf4 Bxb5 26. cxb5 fxe4
27. Bxe4 Qe7 28. Bf3 Qg7 29. Bg2 Nd7 30. Rxf8+ Rxf8 31. Qe7 Ne5 32. Qxg7+
Kxg7 33. Rc1 Rf7 34. Bh3 Nd3 35. Rc4 Ne5 36. Rc3 h5 37. Be6 Re7 38. Kg2 Ng4
39. Bxg4 hxg4 40. Rc4 Kf6 41. Rxg4 Re2+ 42. Kf3 Rxh2 43. Rc4 Rb2 44. Rxc7
Rxb4 45. Rc6 Ke5 46. Rxb6 Kxd5 47. Rb8 Rb3+ 48. Kf4 Ke6 49. g4 Kf6 50. b6
Rb4+ 51. Kf3 Kg5 52. b7 Rf4+ 53. Ke3 Rb4 54. Kf3 Rb3+ 55. Ke4 Rb5 56. Kd4
Kxg4 57. Kc4 Rb1 58. Kd5 g5 59. Kxd6 Kg3 60. Kc7 g4 61. Rd8 Rxb7+ 62. Kxb7
Kf3 63. Rd3+ Kg2 64. Rb3 g3 65. Rb2+ Kh3 66. Rb3 Kh2 67. Rb6 g2 68. Rh6+ Kg1
69. Rg6 Kf2 70. Rf6+ Kg3 71. Rg6+ Kh2 72. Rg8 g1=Q 73. Rh8+ Kg2 74. Rg8+ Kf1
75. Rf8+ Qf2 76. Re8 Qg2+ 77. Kc8 Qb7+ 78. Kd8 Kg2 79. Re7 Kf3 80. Re6 Qd7+
81. Kxd7 {Black forfeits on time} 1-0

[Event "ICCopen2017"]
[Site "Internet Chess Club"]
[Date "2017.04.02"]
[Round "9"]
[White "HuevosDeLeon"]
[Black "tirandopiezas"]
[Result "1-0"]
[ICCResult "Black forfeits on time"]
[WhiteElo "2536"]
[BlackElo "2022"]
[Opening "Queen's pawn: London system"]
[ECO "A45"]
[NIC "QP.07"]
[Time "20:46:01"]
[TimeControl "180+0"]

1. d4 Nf6 2. Bf4 g6 3. e3 Bg7 4. Nf3 d6 5. Be2 O-O 6. O-O b6 7. h3 Ba6 8.
Bxa6 Nxa6 9. a4 Qc8 10. a5 c5 11. Nc3 Qb7 12. axb6 axb6 13. Qe2 Nb4 14. Nb5
h6 15. c3 Nbd5 16. Bh2 Ne4 17. Qc2 Ndf6 18. Qb3 Rxa1 19. Rxa1 Ra8 20. Ra4
Rxa4 21. Qxa4 Kh7 22. Ne1 Qc6 23. Qa6 Nd7 24. Na7 Qc7 25. Nb5 Qc6 26. Na7
Qc7 27. d5 c4 28. Nc6 Nb8 29. Qxc4 Nxc6 30. Qxc6 Qa7 31. f3 Qa1 32. Kf1 Nd2+
33. Ke2 Nb3 34. Nd3 Nc5 35. Qxb6 Qb1 36. Nxc5 dxc5 37. Qxc5 Qxb2+ 38. Kf1
Qc1+ 39. Kf2 Qd2+ 40. Kf1 Bxc3 41. g4 Bb4 42. Qd4 Qe1+ 43. Kg2 Qe2+ 44. Kg1
Be1 45. e4 Qxf3 46. e5 Bc3 47. Qf4 Qxd5 48. Bg3 Bd4+ 49. Kf1 Qc4+ 50. Ke1
Bc3+ 51. Kf2 Qxf4+ 52. Bxf4 e6 53. Ke3 h5 54. g5 Kg8 55. Kd3 Bb2 56. Ke4 Kf8
57. Kf3 Ke8 58. Ke4 Kd7 59. Kf3 Kc6 60. Ke4 Kc5 61. Be3+ Kc4 62. Bd2 Bc3 63.
Be3 Kb3 64. Kd3 Be1 65. Ke4 Bg3 66. Bd4 Kc2 67. Kf3 Bh2 68. Ke4 Kd2 69. Be3+
Kc3 70. Bc5 Kc4 71. Be7 Bg3 72. Bf6 Bh4 73. Bg7 Kc3 74. Bh8 Kc4 75. Bf6 Kc3
76. Be7 Kc4 77. Bf6 Bg3 78. Kf3 Bh2 79. Ke4 Bg3 80. Bg7 Bh2 81. Bf6 Bg3 82.
Be7 Bh2 83. Bd8 Bg3 84. Be7 Bh2 85. Bd6 Bg3 86. Be7 Bh2 87. Bd8 Bg3 88. Bb6
Bh2 89. Be3 Bg3 90. Bf4 Bh2 91. Bxh2 Kc3 92. Bf4 Kc2 93. Be3 Kd1 94. Bd4 Ke2
95. Be3 {Black forfeits on time} 1-0

[Event "ICCopen2017"]
[Site "Internet Chess Club"]
[Date "2017.04.02"]
[Round "9"]
[White "glokoll"]
[Black "KnightWalker"]
[Result "1-0"]
[ICCResult "Black forfeits on time"]
[WhiteElo "1564"]
[BlackElo "1350"]
[Opening "Benko's opening"]
[ECO "A00"]
[NIC "VO.09"]
[Time "20:47:54"]
[TimeControl "180+0"]

1. g3 e5 2. Bg2 d5 3. c4 c6 4. cxd5 cxd5 5. Nc3 Nf6 6. Qb3 e4 7. e3 Nc6 8.
Nge2 Be7 9. Qa4 O-O 10. a3 a6 11. Qc2 Be6 12. b4 Rc8 13. Qb2 b5 14. O-O Ne5
15. Qb1 Nc4 16. Nd4 Bg4 17. h3 Bf3 18. Nxf3 exf3 19. Bxf3 Qd7 20. Kh2 Qe6
21. d3 Ne5 22. Bg2 Rxc3 23. Bb2 Rxd3 24. Bxe5 Rd2 25. Bd4 Ne4 26. f4 Rc8 27.
Qe1 Rcc2 28. Rg1 Re2 29. Qf1 Qg6 30. g4 h5 31. g5 f6 32. Kh1 Ng3+ 33. Kh2
Nxf1+ 34. Raxf1 fxg5 35. f5 Qd6+ 36. Kh1 Qg3 37. Rf3 Qd6 38. Bc5 Qe5 39. Bd4
Qc7 40. f6 Bxf6 41. Bxf6 gxf6 42. Rxf6 g4 43. Rg6+ Kh7 44. Rg5 Kh6 45. Rf5
Qg3 46. Rf6+ Kg7 47. Rxa6 gxh3 48. Ra7+ Kg6 49. Ra6+ Kf5 50. Rf1+ Kg4 51.
Rg6+ {Black forfeits on time} 1-0

[Event "ICCopen2017"]
[Site "Internet Chess Club"]
[Date "2017.04.02"]
[Round "9"]
[White "Dupinpon"]
[Black "sovereignpower"]
[Result "1-0"]
[ICCResult "Black forfeits on time"]
[WhiteElo "1593"]
[BlackElo "1339"]
[Opening "Ruy Lopez: Cozio defense"]
[ECO "C60"]
[NIC "RL.04"]
[Time "20:51:28"]
[TimeControl "180+0"]

1. e4 e5 2. Nf3 Nc6 3. Bb5 Nge7 4. O-O g6 5. c3 Bg7 6. d4 exd4 7. cxd4 d5 8.
e5 O-O 9. Nc3 Be6 10. a3 a6 11. Bd3 Bg4 12. h3 Bxf3 13. Qxf3 Nxd4 14. Qd1 c5
15. f4 c4 16. Bb1 Nb3 17. Ra2 Nxc1 18. Qxc1 d4 19. Ne4 b5 20. b4 d3 21. Qe3
Nf5 22. Qf2 Qd4 23. Qxd4 Nxd4 24. Nc3 Rad8 25. Raf2 Nf5 26. Ne4 Rd4 27. Re1
{Black forfeits on time}
1-0

[Event "ICCopen2017"]
[Site "Internet Chess Club"]
[Date "2017.04.02"]
[Round "10"]
[White "KeroseneHat"]
[Black "gabitenz"]
[Result "1-0"]
[ICCResult "Black resigns"]
[WhiteElo "1297"]
[BlackElo "916"]
[Opening "Philidor's defense"]
[ECO "C41"]
[NIC "KP.10"]
[Time "20:55:51"]
[TimeControl "180+0"]

1. e4 e5 2. Nf3 d6 3. d3 Nf6 4. Be2 Be7 5. h3 Be6 6. Nbd2 Qd7 7. c3 h6 8. b3
g5 9. Nh2 Nc6 10. Bg4 Bxg4 11. Nxg4 Nxg4 12. Qxg4 Qxg4 13. hxg4 O-O-O 14.
Nf3 Rh7 15. Nh2 Rdh8 16. Nf3 h5 17. Bxg5 Bxg5 18. Nxg5 Rh6 19. Nxf7 hxg4 20.
Rxh6 Rxh6 21. Nxh6 {Black resigns} 1-0

[Event "ICCopen2017"]
[Site "Internet Chess Club"]
[Date "2017.04.02"]
[Round "10"]
[White "markovichgoran"]
[Black "CristianS"]
[Result "1-0"]
[ICCResult "Black resigns"]
[WhiteElo "2402"]
[BlackElo "2139"]
[Opening "Ruy Lopez: open (Tarrasch) defense"]
[ECO "C80"]
[NIC "RL.27"]
[Time "20:55:26"]
[TimeControl "180+0"]

1. e4 e5 2. Nf3 Nc6 3. Bb5 a6 4. Ba4 Nf6 5. O-O Nxe4 6. Re1 Nc5 7. Nxe5 Be7
8. Bxc6 dxc6 9. d4 Ne6 10. Be3 O-O 11. Nc3 f6 12. Nf3 Ng5 13. Bxg5 fxg5 14.
Qe2 Bf6 15. Qc4+ Kh8 16. Ne5 Qe8 17. Nf7+ {Black resigns} 1-0

[Event "ICCopen2017"]
[Site "Internet Chess Club"]
[Date "2017.04.02"]
[Round "10"]
[White "Heian"]
[Black "Kruger"]
[Result "0-1"]
[ICCResult "White resigns"]
[WhiteElo "1512"]
[BlackElo "1706"]
[Opening "Sicilian: Alapin's variation (2.c3)"]
[ECO "B22"]
[NIC "SI.46"]
[Time "20:55:18"]
[TimeControl "180+0"]

1. e4 c5 2. c3 g6 3. Nf3 Bg7 4. Bc4 Nc6 5. d4 cxd4 6. cxd4 d6 7. O-O Nf6 8.
Nc3 Bg4 9. Be3 O-O 10. Qe2 e5 11. d5 Nd4 12. Bxd4 exd4 13. Nb5 Nd7 14. Nbxd4
Bxd4 15. Qd2 Bg7 16. Ne1 Rc8 17. Be2 Bxe2 18. Qxe2 f5 19. exf5 Rxf5 20. g4
Re5 21. Qd2 Qg5 22. h3 Qxd2 {White resigns} 0-1

[Event "ICCopen2017"]
[Site "Internet Chess Club"]
[Date "2017.04.02"]
[Round "10"]
[White "jbow79"]
[Black "sanka"]
[Result "0-1"]
[ICCResult "White resigns"]
[WhiteElo "920"]
[BlackElo "1286"]
[Opening "Queen's pawn: stonewall attack"]
[ECO "A45"]
[NIC "QP.07"]
[Time "20:55:21"]
[TimeControl "180+0"]

1. d4 Nf6 2. e3 d5 3. Bd3 e6 4. Nd2 g6 5. f4 Bg7 6. Ngf3 O-O 7. O-O Nc6 8.
c3 Bd7 9. Qe1 a6 10. Ne5 Ne8 11. Ndf3 f6 12. Nxd7 Qxd7 13. Qg3 b5 14. a3 f5
15. Ne5 Nxe5 16. fxe5 Qe7 17. Bd2 c5 18. dxc5 Qxc5 19. Kh1 a5 20. Qf4 Rb8
21. Qd4 Qc7 22. b4 Bxe5 {White resigns} 0-1

[Event "ICCopen2017"]
[Site "Internet Chess Club"]
[Date "2017.04.02"]
[Round "10"]
[White "simplerxiao"]
[Black "MichailovM"]
[Result "1-0"]
[ICCResult "Black resigns"]
[WhiteElo "2040"]
[BlackElo "2170"]
[Opening "French: Winawer, advance variation"]
[ECO "C16"]
[NIC "FR.09"]
[Time "20:55:43"]
[TimeControl "180+0"]

1. e4 e6 2. d4 d5 3. Nc3 Bb4 4. e5 Ne7 5. a3 Bxc3+ 6. bxc3 b6 7. Qg4 Ng6 8.
h4 h5 9. Qg3 Ba6 10. Ne2 Qd7 11. Nf4 Nxf4 12. Qxg7 Ng6 13. g4 hxg4 14. h5
Bxf1 15. hxg6 Rf8 16. Bh6 Qe7 17. Qxf8+ Qxf8 18. Bxf8 Kxf8 19. Rh8+ Kg7 20.
gxf7 Kxf7 21. Kxf1 {Black resigns} 1-0

[Event "ICCopen2017"]
[Site "Internet Chess Club"]
[Date "2017.04.02"]
[Round "10"]
[White "Red-white"]
[Black "ural"]
[Result "1-0"]
[ICCResult "Black resigns"]
[WhiteElo "2874"]
[BlackElo "2350"]
[Opening "Ruy Lopez: classical (Cordel) defense"]
[ECO "C64"]
[NIC "RL.01"]
[Time "20:56:24"]
[TimeControl "180+0"]

1. e4 e5 2. Nf3 Nc6 3. Bb5 Bc5 4. d3 Nd4 5. Nxd4 Bxd4 6. O-O c6 7. Ba4 Nf6
8. Nd2 O-O 9. Nf3 Bc5 10. Nxe5 Qa5 11. Bb3 Bxf2+ 12. Rxf2 Qxe5 13. Bf4 Qh5
14. Qxh5 Nxh5 15. Bd6 Nf6 16. Bxf8 Kxf8 17. e5 Nd5 18. Bxd5 cxd5 19. Raf1
{Black resigns}
1-0

[Event "ICCopen2017"]
[Site "Internet Chess Club"]
[Date "2017.04.02"]
[Round "10"]
[White "CapitanCentella"]
[Black "bythebook"]
[Result "0-1"]
[ICCResult "White resigns"]
[WhiteElo "1719"]
[BlackElo "1578"]
[Opening "Caro-Kann defense"]
[ECO "B15"]
[NIC "CK.05"]
[Time "20:55:52"]
[TimeControl "180+0"]

1. e4 c6 2. d4 d5 3. Nc3 dxe4 4. Nxe4 Nf6 5. Ng5 h6 6. N5f3 Bf5 7. Bc4 e6 8.
Ne2 Bd6 9. O-O Qc7 10. c3 Nbd7 11. b4 O-O 12. Qb3 b5 13. Bxe6 Bxe6 14. Qc2
Bd5 15. Nd2 Bxh2+ 16. Kh1 Bd6 17. f4 Rae8 18. Nf3 Bc4 19. Rf2 Ng4 20. Kg1
Nxf2 21. Kxf2 Rxe2+ 22. Qxe2 Bxe2 23. Kxe2 Bxf4 {White resigns} 0-1

[Event "ICCopen2017"]
[Site "Internet Chess Club"]
[Date "2017.04.02"]
[Round "10"]
[White "bennywins"]
[Black "Dewey"]
[Result "1-0"]
[ICCResult "Black resigns"]
[WhiteElo "1533"]
[BlackElo "1363"]
[Opening "Hungarian defense"]
[ECO "C50"]
[NIC "IG.03"]
[Time "20:56:08"]
[TimeControl "180+0"]

1. e4 e5 2. Nf3 Nc6 3. Bc4 Be7 4. O-O d6 5. c3 Be6 6. Bxe6 fxe6 7. d4 exd4
8. cxd4 Nf6 9. Nc3 O-O 10. Qb3 Rb8 11. Be3 Qd7 12. d5 exd5 13. exd5 Ne5 14.
Nxe5 dxe5 15. Bxa7 Rbc8 16. d6+ Kh8 17. dxe7 Qxe7 18. Qxb7 e4 19. Nd5 Nxd5
20. Qxd5 Ra8 21. Bc5 Qf7 22. Qxf7 Rxf7 23. Rad1 h6 24. a3 Rf5 25. Bd4 Rc8
26. Rfe1 c5 27. Bc3 Re8 28. Rd7 {Black resigns} 1-0

[Event "ICCopen2017"]
[Site "Internet Chess Club"]
[Date "2017.04.02"]
[Round "10"]
[White "tirandopiezas"]
[Black "iliketal"]
[Result "1-0"]
[ICCResult "Black resigns"]
[WhiteElo "2029"]
[BlackElo "1805"]
[Opening "Sicilian defense"]
[ECO "B30"]
[NIC "SI.31"]
[Time "20:55:34"]
[TimeControl "180+0"]

1. e4 c5 2. Nf3 Nc6 3. Nc3 Nf6 4. Bb5 Qb6 5. O-O d6 6. e5 dxe5 7. Nxe5 Bd7
8. Nxd7 Nxd7 9. d3 e6 10. a4 Be7 11. a5 Nxa5 12. Bxd7+ Kxd7 13. Be3 Nc6 14.
Na4 Qb5 15. c4 {Black resigns} 1-0

[Event "ICCopen2017"]
[Site "Internet Chess Club"]
[Date "2017.04.02"]
[Round "10"]
[White "shirovinster"]
[Black "Mandragora"]
[Result "1-0"]
[ICCResult "Black resigns"]
[WhiteElo "1747"]
[BlackElo "1553"]
[Opening "English opening"]
[ECO "A20"]
[NIC "EO.24"]
[Time "20:55:11"]
[TimeControl "180+0"]

1. c4 e5 2. g3 c6 3. Bg2 Ne7 4. Nf3 Ng6 5. Nc3 Bb4 6. O-O d6 7. Qb3 Na6 8.
a3 Bxc3 9. Qxc3 O-O 10. b4 f5 11. Bb2 Nc7 12. d4 e4 13. Nd2 Rf7 14. f3 e3
15. Qxe3 d5 16. c5 Ne6 17. Qd3 Bd7 18. e3 Qc7 19. Rae1 Raf8 20. e4 dxe4 21.
fxe4 f4 22. d5 cxd5 23. exd5 fxg3 24. Qxg3 Rxf1+ 25. Rxf1 Rxf1+ 26. Nxf1
Qxg3 27. Nxg3 Nef4 28. c6 bxc6 29. dxc6 Bc8 30. Ne4 Nxg2 31. Kxg2 Nf4+ 32.
Kf3 Nd3 33. Bd4 Kf7 34. Nd6+ Ke6 35. Nxc8 Kd5 36. Ke3 Ne5 37. Bxe5 Kxe5 38.
Nxa7 Kd6 39. b5 {Black resigns} 1-0